 Dungeon Crawl Stone Soup version 0.26.1-11-gd32895ea62 (webtiles) character file.

Game seed: 12144302276300925765

700 funkygono the Firebug (level 7, -3/36 HPs)
             Began as a Gargoyle Fire Elementalist on Apr 25, 2021.
             Slain by Pikel
             ... wielding a +2 whip of freezing
              (5 damage)
             ... on level 4 of the Dungeon.
             The game lasted 00:09:53 (4804 turns).

funkygono the Firebug (Gargoyle Fire Elementalist)  Turns: 4804, Time: 00:09:54

Health: -3/36      AC: 10    Str: 11    XL:     7   Next: 65%
Magic:  9/13       EV: 12    Int: 18    God:
Gold:   227        SH:  0    Dex: 10    Spells: 7/15 levels left

rFire    + . .     SeeInvis .   h - +1 whip (elec)
rCold    x . .     Faith    .   (no shield)
rNeg     + . .     Spirit   .   a - +0 robe
rPois    ∞         Reflect  .   (no helmet)
rElec    +         Harm     .   k - +1 cloak
rCorr    .         Rampage  .   (no gloves)
Will     .....                  f - +1 pair of boots
Stlth    ++........             (no amulet)
HPRegen  0.12/turn              o - ring of fire
MPRegen  0.13/turn              (no ring)

@: flying
A: negative energy resistance 1, electricity resistance, unbreathing,
petrification resistance, miasma immunity, AC +4
a: no special abilities


You were on level 4 of the Dungeon.
You visited 1 branch of the dungeon, and saw 4 of its levels.

You collected 227 gold pieces.

Inventory:

Hand Weapons
 h - a +1 whip of electrocution (weapon)
Missiles
 c - 89 stones
Armour
 a - a +0 robe (worn)
 f - a +1 pair of boots (worn)
 k - a +1 cloak (worn)
 m - a +0 leather armour of poison resistance
Jewellery
 o - a ring of fire (left hand)
Wands
 n - a wand of flame (16)
Scrolls
 b - a scroll of identify
 e - 6 scrolls of remove curse
 i - a scroll of magic mapping
Potions
 d - a potion of brilliance {unknown}
 g - 2 potions of haste
 j - 2 potions of curing
 l - a potion of flight
 p - a potion of mutation {unknown}
 q - a potion of cancellation {unknown}


   Skills:
 + Level 0.2 Fighting
 + Level 1.8 Dodging
 - Level 2.1 Stealth
 * Level 4.5 Spellcasting
 * Level 4.5 Conjurations
 * Level 5.9 Fire Magic


You had 7 spell levels left.
You knew the following spells:

 Your Spells              Type           Power        Failure   Level
a - Foxfire               Conj/Fire      100%         1%          1
b - Conjure Flame         Conj/Fire      34%          4%          3
c - Sticky Flame          Conj/Fire      34%          16%         4

Your spell library contained the following spells:

 Spells                   Type           Power        Failure   Level
 Inner Flame              Hex/Fire       22%          12%         3
 Fireball                 Conj/Fire      17%          41%         5


Dungeon Overview and Level Annotations

Branches:
Dungeon (4/15)
 Temple: D:4-7

Altars:
Cheibriados
Makhleb
Qazlal
Xom
Yredelemnul

Annotations:
D:4 Pikel


Innate Abilities, Weirdness & Mutations

You are resistant to torment.
Your stone body is resilient. (AC +4)
You are immune to poison.
You resist negative energy. (rN+)
You are resistant to electric shocks. (rElec)
You can survive without breathing.
You are immune to petrification.
You are immune to miasma.


Message History

The foxfire hits Pikel.
Pikel is lightly wounded.
The foxfire hits the lemure!
The lemure is severely wounded.
A leopard gecko comes into view.
The leopard gecko hisses angrily.
Casting: Foxfire (safe; 1% risk of failure)
Confirm with . or Enter, or press ? or * to list all spells.
You feel a surge of power!
You conjure some foxfire!
Pikel zaps a wand.
The bolt of acid hits you!
You are splashed with acid!
* * * LOW HITPOINT WARNING * * *
The bolt of acid hits your foxfire!
Your foxfire is splashed with acid.
The acid corrodes your foxfire!
The foxfire hits the leopard gecko.
The leopard gecko is severely wounded.
It was a potion of flight.
You feel very buoyant.
You fly up into the air.
The foxfire hits the leopard gecko.
You kill the leopard gecko!
Pikel hits you with a +2 whip of freezing.
You die...

#K# .. #.# #. #.# #.
#######5# #. #5..5K..#
#. #.####### # #.
###.##.## .
#...##†####.......####..
.......@K555.........'..
#...##.####.#.#...####..
# #. #§#.#..## . #.
#.....## #. ###.### ..
#.# .. ##.## ####### ##
##.#.###......
#.###.†....###


You could see Pikel and 3 lemures.

Vanquished Creatures
  Grinder (D:4)
  A dream sheep (D:3)
  A phantom (D:4)
  2 scorpions
  4 gnolls (D:3)
  7 adders (D:2)
  2 oozes
  A worm (D:3)
  A dart slug (D:1)
  8 leopard geckos
  2 ball pythons
  4 bats (D:1)
  7 giant cockroaches
  9 goblins
  12 hobgoblins
  2 quokkas
  A frilled lizard (D:4)
  11 kobolds
  13 rats
89 creatures vanquished.

Vanquished Creatures (others)
  4 dream sheep (D:3)
  343 foxfires
347 creatures vanquished.

Grand Total: 436 creatures vanquished

Notes
Turn   | Place    | Note
-------+----------+-------------------------------------------
     0 | D:1      | funkygono the Gargoyle Fire Elementalist began the quest
                  | for the Orb.
     0 | D:1      | Reached XP level 1. HP: 10/10 MP: 3/3
   248 | D:1      | Reached XP level 2. HP: 15/15 MP: 0/5
   930 | D:1      | Reached XP level 3. HP: 13/19 MP: 2/6
  1538 | D:1      | Reached skill level 4 in Fire Magic
  1616 | D:1      | Learned a level 3 spell: Conjure Flame
  1742 | D:2      | Reached XP level 4. HP: 24/24 MP: 3/7
  1790 | D:2      | Learned a level 4 spell: Sticky Flame
  2498 | D:2      | Reached XP level 5. HP: 28/28 MP: 3/9
  2585 | D:2      | Noticed an air elemental
  2592 | D:2      | Found a stormy altar of Qazlal.
  2593 | D:2      | Noticed a fire elemental
  2593 | D:2      | Noticed a water elemental
  3037 | D:3      | Reached skill level 5 in Fire Magic
  3325 | D:3      | Reached XP level 6. HP: 21/32 MP: 6/11
  3587 | D:3      | Noticed a dream sheep
  3587 | D:3      | Noticed a dream sheep
  3587 | D:3      | Noticed a dream sheep
  3587 | D:3      | Noticed a dream sheep
  3587 | D:3      | Noticed a dream sheep
  3587 | D:3      | Found a shimmering altar of Xom.
  3590 | D:3      | Killed a dream sheep
  3590 | D:3      | Killed a dream sheep
  3591 | D:3      | Killed a dream sheep
  3591 | D:3      | Killed a dream sheep
  3592 | D:3      | Killed a dream sheep
  3986 | D:3      | Found a basalt altar of Yredelemnul.
  3996 | D:3      | Found a shimmering altar of Xom.
  4001 | D:3      | Found a snail-covered altar of Cheibriados.
  4111 | D:3      | Found a burning altar of Makhleb.
  4266 | D:4      | Noticed a phantom
  4281 | D:4      | Killed a phantom
  4282 | D:4      | Reached XP level 7. HP: 20/36 MP: 2/13
  4427 | D:4      | Noticed Grinder
  4438 | D:4      | Paralysed by Grinder for 7 turns
  4447 | D:4      | Killed Grinder
  4780 | D:4      | Noticed Pikel
  4804 | D:4      | Slain by Pikel

Illustrated notes

Levels and vault maps discovered:
D:1:      giann_wishing_wells, layout_basic, minmay_misc_feat_columns,
          minmay_misc_feat_more_columns
D:2:      layout_basic, nicolae_qazlal_style_of_elements
D:3:      layout_rooms, lemuel_coloured_pillars_altar, minitemple,
          kb_xom_exploding_sheep
D:4:      layout_loops_corners, nicolae_gozag_cash_rules_everything_around_me,
          uniq_menkaure, uniq_robin, uniq_grinder, uniq_pikel

Skill      XL: |  1  2  3  4  5  6 |
---------------+-------------------+-----
Fire Magic     | 4 5 |  5.9
Spellcasting   | 3 4 |  4.5
Conjurations   | 2 4 |  4.5
Fighting       | |  0.2
Dodging        | |  1.8
Stealth        | |  2.1

Action                   |  1- 3 |  4- 6 |  7- 9 || total
-------------------------+-------+-------+-------++-------
Melee: Unarmed           |     1 |       |       ||     1
       Club              |     1 |     2 |       ||     3
       Whip              |       |     6 |       ||     6
 Cast: Foxfire           |    50 |   129 |    20 ||   199
  Use: Scroll            |     3 |     9 |       ||    12
       Potion            |       |       |     1 ||     1
Armor: Robe              |     5 |    10 |     3 ||    18
Dodge: Dodged            |    12 |    16 |     3 ||    31
